Map: Chantier naval orbital

Players

Seba - Winner!

  • Race: Terran Terran
  • League: Silver
  • Spawn Location: 7:00

zidar

  • Race: Zerg Zerg
  • League: Silver
  • Spawn Location: 1:00

VOD

Have the link to the VOD?

Description

Time

  • Played on: Nov. 27, 2015, 8:24 a.m.
  • Length: 17:16
Show
View Real Time Build Order
Export as new Build Order

Seba Terran - Winner!

Build Orders:  

Get SALT Encoding   

  12  0:01  SCV  
  13  0:13  SCV  
  14  0:22  Supply Depot  
  14  0:25  SCV  
  15  0:30  Refinery  
  15  0:44  SCV  
  15  0:49  Barracks  
  16  1:12  SCV  
  17  1:24  SCV  
  18  1:36  SCV  
  19  1:48  Barracks Tech Lab  
  19  2:00  Orbital Command  
  19  2:07  Marine  
  20  2:20  Barracks  
  20  2:25  Marine  
  21  2:32  Combat Shield  
  21  2:34  SCV  
  22  2:46  SCV  
  23  2:52  Refinery  
  23  2:56  Command Center  
  23  3:08  Supply Depot  
  23  3:09  Supply Depot  
  23  3:14  Barracks Reactor  
  23  3:29  Marine, SCV  
  25  3:43  SCV  
  25  3:47  Marine  
  27  3:55  SCV  
  28  4:07  Marine x2  
  30  4:12  Barracks  
  30  4:24  Marine  
  30  4:25  Marine, Marauder  
  30  4:30  SCV  
  35  4:36  Factory  
  35  4:43  SCV  
  36  4:46  Marauder  
  38  4:55  SCV  
  38  4:56  Concussive Shells  
  39  5:00  Barracks, Orbital Command  
  39  5:06  Barracks Tech Lab  
  40  5:07  SCV  
  40  5:08  Marauder  
  42  5:19  SCV  
  43  5:28  Marauder  
  45  5:29  Marauder  
  45  5:30  SCV  
  48  5:43  SCV  
  48  5:49  Marauder  
  51  5:55  SCV  
  52  5:59  Factory Tech Lab, Starport  
  52  6:00  Barracks Tech Lab  
  54  6:04  Marauder  
  54  6:22  Supply Depot  
  54  6:24  Supply Depot  
  54  6:43  SCV  
  54  6:44  Marauder x3  
  61  6:48  Marine x2  
  61  6:53  Siege Tank  
  66  6:56  SCV  
  66  7:00  Starport Reactor  
  67  7:03  SCV  
  67  7:05  Marauder  
  70  7:12  Marine x2, Marauder x2, SCV, Supply Depot  
  70  7:14  Supply Depot  
  77  7:15  SCV  
  78  7:33  Marine x2, SCV, Siege Tank  
  84  7:38  Supply Depot  
  84  7:39  Medivac x2  
  84  7:40  Supply Depot  
  90  8:05  Marauder  
  90  8:06  Marauder  
  90  8:07  Marine x2, Marauder  
  90  8:10  Stimpack  
  96  8:25  Marine x2, Siege Tank  
  103  8:27  Marauder x2  
  103  8:28  Marauder, SCV  
  103  8:30  SCV  
  109  8:38  Refinery  
  109  8:40  SCV  
  110  9:01  Supply Depot  
  110  9:03  Supply Depot  
  110  9:22  Marine x2, SCV x2, Siege Tank  
  117  9:34  SCV x2  
  119  9:40  Marine x2  
  121  9:46  SCV x2  
  121  9:48  Marine  
  121  9:49  Marine  
  121  9:50  Marine  
  126  10:08  Supply Depot  
  126  10:09  Supply Depot  
  126  10:15  Command Center  
  126  10:24  Refinery  
  126  10:29  Marine x5  
  126  10:30  SCV  
  126  10:34  Siege Tank  
  135  10:36  Medivac x2  
  135  10:42  SCV  
  140  10:47  Marine x2  
  140  10:49  Engineering Bay  
  142  10:53  Supply Depot x2  
  142  11:14  Marine x2, Medivac x2  
  142  11:15  Siege Tank  
  142  11:16  Supply Depot x2  
  151  11:44  Medivac x2  
  155  12:32  Reaper  
  156  13:38  Terran Infantry Weapons Level 1  
  156  13:45  Engineering Bay  
  156  13:47  Armory  
  156  13:53  Planetary Fortress  
  156  13:59  Medivac x2  
  160  14:29  Medivac x2  
  163  15:02  Thor  
  169  15:09  SCV  
  169  15:11  Terran Infantry Armor Level 1  
  169  15:13  Terran Vehicle Weapons Level 1  
  170  15:22  Marine  
  170  15:23  Marine  
  172  15:29  Missile Turret  
  172  15:30  Missile Turret x2  
  172  15:40  Marine  
  172  15:41  Marine  
  174  15:44  Missile Turret  
  174  15:45  Thor, Missile Turret  
  174  15:46  Missile Turret  
  174  15:48  Missile Turret  
  180  15:50  Missile Turret  
  180  15:52  Missile Turret  
  180  15:53  Missile Turret  
  180  15:54  Missile Turret x2  
  180  15:55  Missile Turret  
  180  15:56  Missile Turret  
  180  15:57  SCV  
  181  15:58  Marine x2  
  181  16:01  Refinery  
  182  16:05  Missile Turret  
  182  16:07  Missile Turret  
  182  16:12  Missile Turret  
  182  16:13  Missile Turret  
  182  16:17  Marine x2  
  145  16:25  Missile Turret  
  145  16:27  Thor  
  145  16:31  Missile Turret  
Show
View Real Time Build Order
Export as new Build Order

zidar Zerg 

Build Orders: Hatch First 

Get SALT Encoding   

  12  0:04  Drone  
  13  0:12  Overlord  
  13  0:17  Drone  
  14  0:30  Drone x2  
  16  0:37  Drone  
  17  0:59  Drone  
  17  1:00  Hatchery  
  17  1:17  Spawning Pool  
  16  1:23  Extractor, Drone x2  
  17  1:32  Drone  
  18  1:43  Overlord  
  18  1:58  Drone x2  
  20  2:04  Queen  
  22  2:08  Zergling x2  
  22  2:14  Queen  
  25  2:23  Overlord  
  25  2:35  Zergling x2  
  25  2:36  Zergling x2  
  27  2:37  Zergling x2  
  27  2:39  Overlord  
  27  2:40  Overlord  
  28  2:49  Queen  
  30  3:15  Roach Warren  
  30  3:16  Queen  
  31  3:22  Drone  
  31  3:23  Drone x3  
  35  3:49  Drone x7  
  35  3:53  Overlord  
  41  4:11  Metabolic Boost  
  41  4:20  Extractor  
  40  4:33  Hatchery  
  40  4:37  Roach x6  
  51  4:59  Drone  
  52  5:00  Drone x6  
  58  5:07  Extractor  
  58  5:12  Extractor  
  56  5:18  Roach  
  56  5:19  Roach  
  60  5:22  Overlord x2  
  60  5:23  Overlord  
  59  6:06  Queen  
  61  6:25  Roach  
  63  6:26  Roach x13  
  89  6:33  Overlord x3  
  89  6:34  Overlord  
  90  6:54  Ravager  
  90  6:55  Ravager  
  90  6:56  Ravager x2  
  90  6:57  Ravager x3  
  90  6:58  Ravager x2  
  98  7:04  Zergling x2  
  98  7:05  Zergling x20  
  109  7:12  Drone  
  110  7:25  Lair  
  110  7:30  Roach  
  110  7:31  Roach  
  114  8:11  Overlord  
  114  8:12  Overlord x2  
  114  8:19  Drone x7  
  121  8:31  Drone x3  
  124  8:36  Drone  
  124  8:37  Drone x7  
  132  8:51  Infestation Pit  
  131  8:58  Evolution Chamber  
  130  9:05  Evolution Chamber  
  130  9:09  Hatchery  
  121  9:49  Pathogen Glands  
  121  9:54  Drone  
  121  9:55  Drone x15  
  137  10:03  Zerg Missile Weapons Level 1  
  137  10:05  Zerg Ground Armor Level 1  
  137  10:09  Overlord x4  
  137  10:20  Queen  
  139  10:35  Hatchery, Drone  
  139  10:36  Drone x3  
  139  10:41  Roach x7  
  156  10:55  Extractor  
  155  11:02  Extractor  
  153  11:20  Spire  
  146  12:17  Roach x7  
  146  12:18  Roach x11  
  182  12:25  Zerg Missile Weapons Level 2  
  182  12:28  Zerg Ground Armor Level 2  
  182  12:34  Overlord x3  
  182  12:35  Overlord  
  175  13:15  Mutalisk x11  
  197  13:24  Ravager  
  197  13:25  Ravager x2  
  198  14:16  Ravager  
  199  14:17  Ravager  
  199  14:21  Hatchery, Hive  
  199  14:27  Overseer  
  199  14:30  Pneumatized Carapace  
  199  15:10  Zerg Melee Weapons Level 1  
  199  15:41  Hatchery  
  199  15:42  Ravager  
  56  16:44  Roach x13  
  56  16:45  Roach x5  
  92  16:52  Roach  
  92  16:53  Roach x7  
  108  17:05  Extractor  
  108  17:08  Extractor  
Tags
 
Add a new tag
Caveats
  • Supply blocks, unpowered buildings, or Contaminate may cause inaccurate times.
  • Supply counts are checked every 10 seconds.